 Dungeon Crawl Stone Soup version 0.26-a0-670-g578ab304f5 (webtiles) character file.

Game seed: 16225262034380966770

(classic levelgen) 124 EnegeticOcto the Chiller (level 5, -1/31 HPs)
             Began as a Halfling Ice Elementalist on Oct 19, 2020.
             Slain by an orc priest (4 damage)
             ... on level 3 of the Dungeon.
             The game lasted 00:02:58 (415 turns).

EnegeticOcto the Chiller (Halfling Ice Elementalist) Turns: 415, Time: 00:02:58

Health: -1/31      AC:  2    Str:  9    XL:     5   Next: 30%
Magic:  0/7        EV: 15    Int: 14    God:
Gold:   73         SH:  0    Dex: 15    Spells: 3/7 levels left

rFire    . . .     SeeInvis .   b - +2 dagger (venom)
rCold    . . .     Faith    .   (shield restricted)
rNeg     . . .     Spirit   .   a - +0 robe
rPois    .         Reflect  .   (no helmet)
rElec    .         Harm     .   (no cloak)
rCorr    .         Rampage  .   (no gloves)
MR       .....                  (no boots)
Stlth    ++........             (no amulet)
HPRegen  0.10/turn              (no ring)
MPRegen  0.10/turn              (no ring)

@: frozen ramparts
A: small, mutation resistance 1
a: no special abilities


You were on level 3 of the Dungeon.
You visited 1 branch of the dungeon, and saw 3 of its levels.

You collected 73 gold pieces.

Inventory:

Hand Weapons
 b - a +2 dagger of venom (weapon)
Armour
 a - a +0 robe (worn)
Scrolls
 c - a scroll of teleportation {unknown}
 d - a scroll of enchant weapon {unknown}
 e - a scroll of fog {unknown}


   Skills:
 - Level 2.1 Dodging
 - Level 2.1 Stealth
 - Level 1.5 Spellcasting
 + Level 6.2 Ice Magic


You had 3 spell levels left.
You knew the following spells:

 Your Spells              Type           Power        Failure   Level
a - Freeze                Ice            ###.         1%          1
b - Frozen Ramparts       Ice            ###...       6%          3

Your spell library contained the following spells:

 Spells                   Type           Power        Failure   Level
 Ozocubu's Armour         Ice            ###.....     6%          3
 Hailstorm                Conj/Ice       #.......     56%         4
 Summon Ice Beast         Ice/Summ       #.......     56%         4


Dungeon Overview and Level Annotations

Branches:
Dungeon (3/15)

Altars:
Dithmenos


Innate Abilities, Weirdness & Mutations

You are small and have problems with some larger weapons.
You are somewhat resistant to further mutation.


Message History

You hit the rat.
The rat is poisoned.
The rat is severely wounded.
The rat bites you but does no damage.
You closely miss the rat.
The rat is severely wounded.
The rat barely misses you.
You hit the rat.
You kill the rat!
An orc comes into view. It is wielding a +0 hand axe.
You see here 11 gold pieces.
You barely miss the giant cockroach. The giant cockroach barely misses you.
You barely miss the giant cockroach. The giant cockroach misses you.
The giant cockroach bites you but does no damage.
You hit the giant cockroach but do no damage.
The giant cockroach is poisoned.
The giant cockroach bites you but does no damage.
You hit the giant cockroach.
The giant cockroach is almost dead.
You kill the giant cockroach!
You now have 73 gold pieces (gained 11).
The orc misses you.
You closely miss the orc. The orc hits you with a +0 hand axe.
You hit the orc.
The orc is poisoned.
The orc is heavily wounded.
You barely miss the orc.
The orc is heavily wounded.
The orc hits you with a +0 hand axe.
You barely miss the orc.
The orc is heavily wounded.
The orc hits you with a +0 hand axe.
You hit the orc.
You kill the orc!
Things that are here:
a +0 hand axe; an orc corpse
Found a stone staircase leading down.
You see here a hand axe.
An orc comes into view. It is wielding a +0 flail.
An orc comes into view. It is wielding a +0 club.
A bullfrog and an orc come into view.
The orc shouts!
You hear a shout!
The bullfrog moves out of view.
Found a stone staircase leading down.
There is a stone staircase leading down here.
The orc shouts! x2
An orc comes into view. It is wielding a -3 hand axe.
Casting: Freeze (safe; 2% risk of failure)
Confirm with . or Enter, or press ? or * to list all spells.
The spell is quite dangerous to cast (8% risk of failure)!
Continue anyway?
The walls around you are covered in ice.
The bullfrog gives a loud, deep croak!
You hear a shout!
The wall freezes the orc. x2
The wall freezes the bullfrog.
The bullfrog seems to slow down.
The wall freezes the orc.
You kill the orc!
The wall freezes the orc.
The wall freezes the bullfrog.
The bullfrog seems to slow down.
The wall freezes the orc.
You kill the orc!
The wall freezes the bullfrog.
The bullfrog seems to slow down.
An orc priest comes into view.
The wall freezes the orc.
You kill the orc!
The orc priest shouts!
You hit the bullfrog but do no damage.
The bullfrog is poisoned.
The bullfrog is heavily wounded.
The orc priest invokes the aid of Beogh against you.
Beogh smites you!
* * * LOW HITPOINT WARNING * * *
The wall freezes the bullfrog.
The bullfrog hits you.
* * * LOW HITPOINT WARNING * * *
The wall freezes the orc.
An adder comes into view.
You kill the bullfrog!
Your Ice Magic skill increases to level 6!
You have reached level 5!
You feel agile.
The wall freezes the orc.
You kill the orc!
The adder moves out of view.
The frozen ramparts melt away.
You aren't carrying any potions.
Casting: Frozen Ramparts (dangerous; 6% risk of failure)
Confirm with . or Enter, or press ? or * to list all spells.
The walls around you are covered in ice.
The wall freezes the orc priest.
Casting: Frozen Ramparts (dangerous; 6% risk of failure)
Confirm with . or Enter, or press ? or * to list all spells.
Aiming: Freeze (safe; 1% risk of failure)
Press: ? - help, Shift-Dir - straight line, f - orc priest
Aim: an orc priest (moderately wounded)
You freeze the orc priest.
The orc priest is heavily wounded.
The wall freezes the orc priest.
The orc priest barely misses you.
Casting: Freeze (safe; 1% risk of failure)
Confirm with . or Enter, or press ? or * to list all spells.
You don't have enough magic to cast that spell.
You barely miss the orc priest.
The orc priest is heavily wounded.
The wall freezes the orc priest.
The orc priest hits you.
You die...

#.......# #.......#
######...S. .## #........#
..##### #........# ......>
#.....)..###.......
########.........†>))o....
##.....##.......o####...o..
#........†......@.# .#..#
.....>.##.).............. .
.#.....##.†......##..###.#
.......##..####### ..... ..
............>. #### .
##.........##..
#.....###.## ..#
######.##..[##...
......†........ .


You could see an orc priest and an adder (wandering).

Vanquished Creatures
  A bullfrog (D:3)
  3 adders
  2 leopard geckos (D:1)
  5 orcs (D:3)
  2 bats
  5 giant cockroaches
  5 goblins
  3 hobgoblins
  2 frilled lizards (D:1)
  3 kobolds (D:2)
  3 rats
34 creatures vanquished.

Notes
Turn   | Place    | Note
-------+----------+-------------------------------------------
     0 | D:1      | EnegeticOcto the Halfling Ice Elementalist began the quest
                  | for the Orb.
     0 | D:1      | Reached XP level 1. HP: 11/11 MP: 3/3
    85 | D:1      | Reached XP level 2. HP: 13/17 MP: 0/4
   200 | D:2      | Found a shadowy altar of Dithmenos.
   219 | D:2      | Reached XP level 3. HP: 18/21 MP: 1/5
   266 | D:2      | Reached skill level 5 in Ice Magic
   335 | D:3      | Reached XP level 4. HP: 22/27 MP: 1/6
   340 | D:3      | Learned a level 3 spell: Frozen Ramparts
   398 | D:3      | Noticed a bullfrog
   405 | D:3      | HP: 1/27 [bullfrog (6)]
   406 | D:3      | Killed a bullfrog
   406 | D:3      | Reached skill level 6 in Ice Magic
   406 | D:3      | Reached XP level 5. HP: 2/31 MP: 3/7
   415 | D:3      | Slain by an orc priest

Illustrated notes

Levels and vault maps discovered:
D:1:      roderic_chinese_lattice_arrival, layout_loops_ring, minivault_19
D:2:      layout_loops_ring, grunt_temple_overflow_open, grunt_decor_resistance,
          nicolae_dithmenos_shadow_blocks
D:3:      layout_rooms

Skill      XL: |  1  2  3  4 |
---------------+-------------+-----
Ice Magic      | 5 6 |  6.2
Dodging        | |  2.1
Stealth        | |  2.1
Spellcasting   | |  1.5

Action                   |  1- 3 |  4- 6 || total
-------------------------+-------+-------++-------
Melee: Unarmed           |     6 |       ||     6
       Dagger            |    40 |    19 ||    59
 Cast: Freeze            |    13 |     2 ||    15
       Frozen Ramparts   |       |     2 ||     2
 Stab: Sleeping          |     2 |       ||     2
Armor: Robe              |     3 |     4 ||     7
Dodge: Dodged            |    41 |     8 ||    49

Table legend: (Time is in decaauts)
 A = Elapsed time spent in this place.
 B = Non-inter-level travel time spent in this place.
 C = Inter-level travel time spent in this place.
 D = Time resting spent in this place.
 E = Time spent auto-exploring this place.
 F = Levels seen in this place.
 G = Mean time per level.
                   A        B        C        D        E       F      G
               +--------+--------+--------+--------+--------+-----+--------+
         Total |    415 |    414 |      1 |      0 |      0 |   3 |  138.3 |
       Dungeon |    415 |    414 |      1 |      0 |      0 |   3 |  138.3 |
               +--------+--------+--------+--------+--------+-----+--------+

Top non-repeatable levels by time:
     D:1: 189 daAuts
     D:2: 121 daAuts
     D:3: 104 daAuts
